 Dungeon Crawl Stone Soup version 0.29.0-15-g675c0067aa (webtiles) character file.

Game seed: 8776322157633071389

566 qw the Chopper (level 7, -4/44 HPs)
             Began as a Gargoyle Fighter on Sept 12, 2022.
             Killed from afar by Dowan (10 damage)
             ... with a puff of flame
             ... on level 4 of the Dungeon.
             The game lasted 00:01:10 (3258 turns).

qw the Chopper (Gargoyle Fighter)                   Turns: 3258, Time: 00:01:10

Health: -4/44      AC: 12    Str: 22      XL:     7   Next: 32%
Magic:  7/7        EV:  9    Int:  8      God:
Gold:   176        SH:  4    Dex:  7 (9)  Spells: 6/6 levels left

rFire   . . .      SeeInvis .   Y - +0 war axe
rCold   . . .      Faith    .   c - +0 buckler
rNeg    + + .      Spirit   .   b - +0 scale mail
rPois   inf        Reflect  .   k - +0 helmet
rElec   +          Harm     .   (no cloak)
rCorr   .          Rampage  .   (no gloves)
Will    .....                   (no boots)
Stlth   ..........              (no amulet)
HPRegen 0.14/turn               l - ring of positive energy
MPRegen 0.10/turn               (no ring)

@: lit by a corona, glowing
A: sickness immunity, AC +4, negative energy resistance 1, electricity
resistance, torment resistance 1, petrification resistance, deterioration 1,
mutation resistance 1, screaming 1
a: no special abilities


You were on level 4 of the Dungeon.
You visited 1 branch of the dungeon, and saw 4 of its levels.

You collected 176 gold pieces.


Innate Abilities, Weirdness & Mutations

You are immune to sickness and miasma.
Your stone body is resilient. (AC +4)
You are immune to poison.
You resist negative energy. (rN+)
You are resistant to electric shocks. (rElec)
You are resistant to unholy torment.
You are immune to petrification.
Your body sometimes deteriorates upon taking damage.
You are somewhat resistant to further mutation.
You occasionally shout uncontrollably at your foes.


   Skills:
 - Level 4.7 Fighting
 + Level 6.6 Axes
 - Level 3.2 Armour
 - Level 3.2 Shields


You had 6 spell levels left.
You didn't know any spells.
Your spell library was empty.

Inventory:

Hand Weapons
 j - a +0 whip
 Y - a +0 war axe (weapon)
Armour
 b - a +0 scale mail (worn)
 c - a +0 buckler (worn)
 k - a +0 helmet (worn)
Jewellery
 l - a ring of positive energy (left hand)
Scrolls
 a - a scroll of identify
Potions
 d - 2 potions of might
 e - a potion of brilliance {unknown}
 f - 2 potions of curing
 g - a potion of resistance
 i - a potion of haste

Dungeon Overview and Level Annotations

Branches:
Dungeon (4/15)
 Temple: D:4-7

Altars:
Cheibriados
Kikubaaqudgha
Vehumet
Xom
The Shining One

Annotations:
D:4 Dowan


Message History

Duvessa is moderately wounded.
Duvessa hits you but does no damage.
Dowan zaps a wand.
The puff of flame hits you but does no damage.
You slash Duvessa!
Duvessa is heavily wounded.
Duvessa hits you with a +0 short sword.
Dowan zaps a wand.
The puff of flame hits you. Duvessa closely misses you.
You barely miss Duvessa.
Duvessa is heavily wounded.
Duvessa hits you but does no damage. Duvessa hits you with a +0 short sword.
Your body deteriorates!
You feel clumsy.
Dowan says, "My weaknesses are her strengths!"
You slash Duvessa!
Duvessa is almost dead.
You closely miss Dowan. Duvessa barely misses you.
Duvessa hits you but does no damage.
Dowan hits you with a +2 dagger of speed.
You slash Duvessa!
You kill Duvessa!
Dowan seems overcome with grief.
Dowan seems to find hidden reserves of power!
You miss Dowan.
Dowan zaps a wand.
The puff of flame hits you!
Dowan hits you with a +2 dagger of speed.
Dowan hits you but does no damage.
You feel your dexterity returning.
You hit Dowan.
Dowan is lightly wounded.
Dowan zaps a wand.
The puff of flame hits you!
You closely miss Dowan.
Dowan is lightly wounded.
Dowan hits you but does no damage.
Dowan hits you with a +2 dagger of speed.
Dowan says, "Magic will overcome all!"
Dowan hits you with a +2 dagger of speed.
You hit Dowan but do no damage.
Dowan is lightly wounded.
Dowan hits you but does no damage. x2; Dowan zaps a wand.
The puff of flame hits you!
You die...

.. #. ##+#.# ##....###
##....... ##.......## ##
.##.........####...#.
.........^.....'@e......
...............#)##...##
......#.......##.# .#
#.....##.....##... #....
##...## ..## ... ##'##
#..# #.# #.# #..# #.#
#.# #... #.#
#####)####...


You could see Dowan (fast).

Vanquished Creatures
  Sigmund (D:2)
  Duvessa (D:4)
  An ogre (D:3)
  A centaur (D:3)
  A jelly (D:4)
  An orc priest (D:4)
  2 adders
  2 worms
  3 dart slugs
  3 orcs (D:4)
  4 ball pythons
  8 endoplasms
  A giant cockroach (D:2)
  4 goblins
  2 hobgoblins
  4 quokkas
  3 bats
  5 frilled lizards
  9 kobolds
  3 rats
59 creatures vanquished.

Notes
Turn   | Place    | Note
-------+----------+-------------------------------------------
     0 | D:1      | qw the Gargoyle Fighter began the quest for the Orb.
     0 | D:1      | Reached XP level 1. HP: 14/14 MP: 1/1
     0 | D:1      | 0 ||| qw: Version: 0.1-a-119-g272c26d
     0 | D:1      | 0 ||| qw: Game counter: 10912
     0 | D:1      | 0 ||| qw: Always use a shield: true
     0 | D:1      | 0 ||| qw: God list: Okawaru
     0 | D:1      | 0 ||| qw: Allow faded altars: false
     0 | D:1      | 0 ||| qw: Do Orc after D:15 true
     0 | D:1      | 0 ||| qw: Do second Lair branch before Depths: true
     0 | D:1      | 0 ||| qw: Lair rune preference: random
     0 | D:1      | 0 ||| qw: Plans: Normal, Zot, God:TSO, Crypt, Tomb, Pan,
                  | Slime, Hells, Zig, Abyss, Orb
     0 | D:1      | 0 ||| PLANNING D:1-11
    58 | D:1      | Reached skill level 2 in Axes
   481 | D:1      | Reached XP level 2. HP: 19/19 MP: 2/2
  1049 | D:1      | 1049 ||| DROPPING +0 club.
  1057 | D:1      | Found a faded altar of an unknown god.
  1098 | D:1      | Reached skill level 3 in Axes
  1351 | D:1      | Reached XP level 3. HP: 23/23 MP: 3/3
  1449 | D:1      | 1449 ||| READING 2 scrolls labelled HIM INLEOFREN.
  1450 | D:1      | 1450 ||| READING 4 scrolls labelled XUESCH ZULETUANA.
  1451 | D:1      | 1451 ||| READING scroll labelled WUCWOD WYPRI.
  1452 | D:1      | 1452 ||| DROPPING 3 scrolls of fear.
  1733 | D:2      | Noticed Sigmund
  1747 | D:2      | Killed Sigmund
  1748 | D:2      | Reached skill level 5 in Axes
  1748 | D:2      | Reached XP level 4. HP: 24/28 MP: 4/4
  1748 | D:2      | Reached XP level 5. HP: 27/32 MP: 5/5
  1883 | D:2      | 1883 ||| Stepping ~*~*~tactically~*~*~ (hiding).
  1886 | D:2      | 1886 ||| Stepping ~*~*~tactically~*~*~ (hiding).
  1887 | D:2      | 1887 ||| Stepping ~*~*~tactically~*~*~ (hiding).
  2149 | D:2      | 2149 ||| Stepping ~*~*~tactically~*~*~ (stealth).
  2151 | D:2      | 2151 ||| Stepping ~*~*~tactically~*~*~ (stealth).
  2160 | D:2      | 2160 ||| Stepping ~*~*~tactically~*~*~ (stealth).
  2307 | D:2      | 2307 ||| READING scroll labelled DUCZAM ERAC.
  2308 | D:2      | 2308 ||| READING scroll labelled GETIPNOIRAK.
  2309 | D:2      | 2309 ||| READING scroll labelled QOLEEJU JADI.
  2312 | D:2      | 2312 ||| DRINKING 2 fuming dark potions.
  2313 | D:2      | 2313 ||| DRINKING 2 murky orange potions.
  2313 | D:2      | Gained mutation: You have a pair of small horns on your
                  | head. [potion of mutation]
  2313 | D:2      | Gained mutation: Your flesh is heat resistant. (rF+)
                  | [potion of mutation]
  2313 | D:2      | Gained mutation: You sometimes lose your temper in combat.
                  | [potion of mutation]
  2314 | D:2      | 2314 ||| DRINKING potion of mutation.
  2314 | D:2      | Lost mutation: You have a pair of small horns on your head.
                  | [potion of mutation]
  2314 | D:2      | Lost mutation: Your flesh is heat resistant. (rF+) [potion
                  | of mutation]
  2314 | D:2      | Lost mutation: You sometimes lose your temper in combat.
                  | [potion of mutation]
  2314 | D:2      | Gained mutation: You occasionally shout uncontrollably at
                  | your foes. [potion of mutation]
  2314 | D:2      | Gained mutation: Your body sometimes deteriorates upon
                  | taking damage. [potion of mutation]
  2314 | D:2      | Gained mutation: You are somewhat resistant to further
                  | mutation. [potion of mutation]
  2315 | D:2      | 2315 ||| DRINKING 2 fizzy cyan potions.
  2316 | D:2      | 2316 ||| READING 3 scrolls of identify.
  2316 | D:2      | 2316 ||| IDENTIFYING fuming coppery potion
  2317 | D:2      | 2317 ||| READING 2 scrolls of identify.
  2317 | D:2      | 2317 ||| IDENTIFYING white potion
  2318 | D:2      | 2318 ||| DROPPING potion of degeneration.
  2319 | D:2      | 2319 ||| DROPPING potion of flight.
  2489 | D:3      | Reached XP level 6. HP: 38/38 MP: 6/6
  2507 | D:3      | Found a glowing golden altar of the Shining One.
  2820 | D:3      | Found a shimmering altar of Xom.
  2820 | D:3      | Found an ancient bone altar of Kikubaaqudgha.
  2822 | D:3      | Found a radiant altar of Vehumet.
  2823 | D:3      | Found a snail-covered altar of Cheibriados.
  2968 | D:3      | 2968 ||| UPGRADING to +0 helmet.
  2973 | D:3      | 2973 ||| UPGRADING to ring of positive energy.
  2974 | D:3      | 2974 ||| READING scroll labelled TOUMAD MESESU.
  2975 | D:3      | 2975 ||| DRINKING 2 bubbling orange potions.
  3028 | D:4      | 3028 ||| Stepping ~*~*~tactically~*~*~ (stealth).
  3030 | D:4      | 3030 ||| Stepping ~*~*~tactically~*~*~ (stealth).
  3036 | D:4      | 3036 ||| STAIRDANCE
  3136 | D:4      | 3136 ||| Stepping ~*~*~tactically~*~*~ (stealth).
  3138 | D:4      | 3138 ||| Stepping ~*~*~tactically~*~*~ (hiding).
  3141 | D:4      | Reached skill level 6 in Axes
  3141 | D:4      | Reached XP level 7. HP: 44/44 MP: 7/7
  3245 | D:4      | Noticed Duvessa
  3246 | D:4      | Noticed Dowan
  3255 | D:4      | Killed Duvessa
  3257 | D:4      | HP: 10/44 [Dowan/+2 dagger of speed (3)]
  3258 | D:4      | Killed from afar by Dowan

Levels and vault maps discovered:
D:1:      saegor_arrival_simple_d, layout_basic, ebering_ecumenical_altar_mist
D:2:      layout_loops_cross, uniq_sigmund
D:3:      layout_rooms, mainiacjoe_overflow_paths, mainiacjoe_overflow_alcove_3
D:4:      layout_loops_corners, uniq_duvessa

Skill      XL: |  1  2  3  4  5  6 |
---------------+-------------------+-----
Axes           | 2 3 5 6 |  6.6
Fighting       | 4 |  4.7
Armour         | |  3.2
Shields        | |  3.2

Action                   |  1- 3 |  4- 6 |  7- 9 || total
-------------------------+-------+-------+-------++-------
Melee: War axe           |    98 |    95 |    15 ||   208
  Use: Scroll            |     3 |     6 |       ||     9
       Potion            |       |     5 |       ||     5
Armor: Scale mail        |    51 |    47 |    11 ||   109
Dodge: Dodged            |    42 |    53 |     4 ||    99
Block: Buckler           |    23 |    17 |     1 ||    41

Table legend:
 A = Non-vault XP
 B = Vault XP
 C = Vault XP percentage of total XP
 D = Non-vault monster count
 E = Vault monster count
 F = Vault count percentage of total count
                 A         B        C        D         E       F
            +---------+---------+-------+---------+---------+-------
      Total |     437 |     372 |  46.0 |      57 |       2 |   3.4
            +---------+---------+-------+---------+---------+-------
        D:1 |      34 |       0 |   0.0 |      19 |       0 |   0.0
        D:2 |      45 |     223 |  83.2 |      17 |       1 |   5.6
        D:3 |     269 |       0 |   0.0 |      16 |       0 |   0.0
        D:4 |      89 |     149 |  62.6 |       5 |       1 |  16.7
            +---------+---------+-------+---------+---------+-------
